 Dungeon Crawl Stone Soup version 0.31-a0-257-gf185e81 (webtiles) character file.

Game seed: 7969071322795355939

1199 Dawnplanks the Changeling (level 8, -1/61 HPs)
             Began as a Demonspawn Shapeshifter on July 13, 2023.
             Slain by an ogre
             ... wielding a +0 giant club
              (5 damage)
             ... on level 6 of the Dungeon.
             The game lasted 00:08:16 (3631 turns).

Dawnplanks the Changeling (Demonspawn Shapeshifter) Turns: 3631, Time: 00:08:16

Health: -1/61      AC: 12    Str: 18    XL:     8   Next: 20%
Magic:  8/8        EV:  8    Int:  9    God:
Gold:   210        SH:  4    Dex: 14    Spells: 7/7 levels left

rFire   . . .        f - +3 whip (elec)
rCold   . . .        j - +0 buckler
rNeg    . . .        y - +0 chain mail
rPois   .            (helmet currently unavailable)
rElec   .            (cloak currently unavailable)
rCorr   .            (gloves currently unavailable)
SInv    .            (boots currently unavailable)
Will    .....        (no amulet) Stlth
                     (no ring)
HPRegen 0.30/turn    (no ring)
MPRegen 0.11/turn

%: no passive effects
@: beast-form
A: beast (slay +4), yellow scales 2, demonic magic 1, weakness stinger 1
a: Begin Untransformation


You were on level 6 of the Dungeon.
You were a hulking beast.
You visited 1 branch of the dungeon, and saw 7 of its levels.

You collected 210 gold pieces.

Inventory:

Hand Weapons
 f - a +3 whip of electrocution (weapon)
Armour
 a - a +0 animal skin
 j - a +0 buckler (worn)
 u - a +0 plate armour
 v - a +0 ring mail
 y - a +0 chain mail (worn)
Talismans
 c - a beast talisman
 h - a maw talisman
 A - a maw talisman
Wands
 w - a wand of polymorph (8)
Scrolls
 e - a scroll of fog {unknown}
 g - a scroll of silence {unknown}
 k - 2 scrolls of fear {unknown}
 l - 4 scrolls of noise
 m - 2 scrolls of vulnerability
 p - a scroll of amnesia {unknown}
 s - 2 scrolls of enchant weapon
 B - a scroll of poison {unknown}
Potions
 b - 2 potions of lignification
 d - 2 potions of might
 n - a potion of invisibility
 o - a potion of heal wounds
 q - a potion of resistance
 r - 2 potions of haste {unknown}
 t - a potion of brilliance {unknown}
 x - a potion of enlightenment {unknown}
 z - 2 potions of ambrosia {unknown}


   Skills:
 + Level 4.5 Fighting
 + Level 3.3 Armour
 + Level 3.1 Dodging
 + Level 2.1 Shields
 + Level 2.3 Unarmed Combat
 * Level 5.7 Shapeshifting


You had 7 spell levels left.
You didn't know any spells.
Your spell library contained the following spells:

 Spells                   Type           Power      Damage    Failure   Level
 Foxfire                  Conj/Fire      0%         2x1d4     99%         1
 Dazzling Flash           Conj/Hex       0%         N/A       100%        3
 Volatile Blastmotes      Fire/Tloc      0%         2d10      100%        3
 Starburst                Conj/Fire      0%         6d3       100%        6
 Maxwell's Capacitive Co  Air            0%         ∞         100%        8


Dungeon Overview and Level Annotations

Branches:
Dungeon (7/15)
 Temple: D:4-7

Altars:
Trog
Xom

Shops:
D:1 ?

Annotations:
D:6 Duvessa, Eustachio


Innate Abilities, Weirdness & Mutations

You are a hulking beast.
Your limbs bulge with bestial killing power. (Slay +4)
You are mostly covered in yellow scales. (AC +3)
Spells you cast may paralyse adjacent enemies.
You have a small tail.


Message History

An orc wizard is nearby!
You climb upwards.
Level annotation: Duvessa, Eustachio The shadow imp barely misses you.
There is a stone staircase leading down here.
The shadow imp disappears in a puff of smoke!
The iron imp laughs crazily.
The iron imp lashes its tail.
There is a stone staircase leading up here.
You climb upwards.
There is a stone staircase leading down here.
You start resting.
HP restored.
You climb downwards.
Level annotation: Duvessa, Eustachio
There is a stone staircase leading up here.
Nothing quivered!
You barely miss the ogre. The ogre barely misses you.
You whack the ogre!
The ogre is heavily wounded.
You closely miss the ogre.
The ogre is heavily wounded.
The ogre hits you with a +0 giant club!
Eustachio gestures wildly while chanting.
Eustachio blinks!
You whack the ogre!
The ogre is severely wounded.
The orc priest mumbles some strange prayers to Beogh against you.
Beogh smites you! You block the ogre's attack.
You are too injured to fight recklessly!
You hit the ogre.
The ogre is almost dead.
The ogre hits you with a +0 giant club!!
* * * LOW HITPOINT WARNING * * *
You hit the ogre but do no damage.
The ogre is almost dead.
You barely miss the ogre.
The ogre is almost dead.
The ogre hits you with a +0 giant club.
You die...

#.........
#.........
#.........
#.........
#.........
#.........
#.........
##.<.......
#(h........
#O########.
##o# #e@#
#o## #>#
#.# #####.#
#.5...#


You could see Eustachio, Duvessa, an ogre, an orc priest and an orc.

Vanquished Creatures
  2 water moccasins (D:5)
  An ogre (D:6)
  5 phantoms
  A scorpion (D:5)
  3 hounds
  2 jellies
  An orc priest (D:5)
  2 iguanas (D:5)
  5 orc wizards
  5 adders
  2 ufetubi
  3 worms
  A dart slug (D:2)
  10 orcs
  2 endoplasms
  2 giant cockroaches (D:4)
  8 goblins
  7 hobgoblins
  2 jackals (D:5)
  3 kobolds
  5 quokkas
  5 ball pythons
  A frilled lizard (D:1)
  2 rats
80 creatures vanquished.

Vanquished Creatures (others)
  A scorpion (D:5)
  A hound (D:5)
2 creatures vanquished.

Grand Total: 82 creatures vanquished

Notes
Turn   | Place    | Note
-------+----------+-------------------------------------------
     0 | D:1      | Dawnplanks the Demonspawn Shapeshifter began the quest for
                  | the Orb.
     0 | D:1      | Reached XP level 1. HP: 16/16 MP: 1/1
    14 | D:1      | Found Kunen's Magic Scroll Shop.
   224 | D:1      | Reached skill level 3 in Shapeshifting
   255 | D:1      | Gained mutation: You have a small tail. [demonic ancestry]
   255 | D:1      | Reached XP level 2. HP: 19/22 MP: 2/2
   714 | D:2      | Found a faded altar of an unknown god.
   734 | D:2      | Got Plato's Compilation of the Coals
   744 | D:2      | Gained mutation: Spells you cast may paralyse adjacent
                  | enemies. [demonic ancestry]
   744 | D:2      | Reached XP level 3. HP: 27/27 MP: 3/3
  1432 | D:3      | Gained mutation: You are partially covered in yellow
                  | scales. (AC +2) [demonic ancestry]
  1432 | D:3      | Reached XP level 4. HP: 32/34 MP: 4/4
  1683 | D:3      | Reached skill level 4 in Shapeshifting
  1753 | D:3      | Reached XP level 5. HP: 40/40 MP: 5/5
  2594 | D:5      | Entered Level 5 of the Dungeon
  2617 | D:5      | Found a bloodstained altar of Trog.
  2645 | D:5      | Noticed a phantom
  2652 | D:5      | Reached XP level 6. HP: 36/47 MP: 6/6
  2683 | D:4      | Reached skill level 1 in Armour
  2843 | D:5      | Reached skill level 1 in Shields
  2843 | D:5      | Reached skill level 5 in Shapeshifting
  2843 | D:5      | Gained mutation: You are mostly covered in yellow scales.
                  | (AC +3) [demonic ancestry]
  2843 | D:5      | Reached XP level 7. HP: 17/52 MP: 7/7
  2997 | D:5      | Found a shimmering altar of Xom.
  3299 | D:5      | Reached XP level 8. HP: 61/61 MP: 8/8
  3515 | D:6      | Noticed Eustachio
  3523 | D:6      | Noticed Duvessa
  3629 | D:6      | HP: 3/61 [ogre/+0 giant club (27)]
  3631 | D:6      | Slain by an ogre

Illustrated notes

Levels and vault maps discovered:
D:1:      scummos_arrival_star, layout_rooms, serial_shops,
          nicolae_shop_behind_doors, minivault_26
D:2:      layout_loops_ring, shapermc_ecumenical_altar_rom_forum
D:3:      layout_basic
D:4:      layout_loops_ring
D:5:      layout_basic, xom_confusion_cloud, old_standard_altar
D:6:      minmay_chambers_of_fours, layout_rooms, minmay_temple_entry_ruins,
          minmay_shop_mayhem, uniq_eustachio, uniq_menkaure, uniq_duvessa
D:7:      layout_basic, mainiacjoe_overflow_tiny_flanked,
          minmay_misc_feat_cross, minmay_puff, uniq_prince_ribbit1

Skill      XL: |  1  2  3  4  5  6  7  8 |
---------------+-------------------------+-----
Shapeshifting  | 3 4 5 |  5.7
Dodging        | 2 3 |  3.1
Unarmed Combat | 2 |  2.3
Fighting       | 3 4 |  4.5
Armour         | 1 3 |  3.3
Shields        | 1 2 |  2.1

Action                     |  1- 3 |  4- 6 |  7- 9 || total
---------------------------+-------+-------+-------++-------
  Melee: Whip              |    60 |   108 |    49 ||   217
         Unarmed           |     8 |    10 |       ||    18
         Tailslap          |     7 |    13 |     6 ||    26
  Throw: Javelin           |       |       |     5 ||     5
    Use: Scroll            |       |     3 |     5 ||     8
   Stab: Sleeping          |     1 |       |       ||     1
 Armour: Animal skin       |     7 |       |       ||     7
         Ring mail         |       |    20 |       ||    20
         Chain mail        |       |    35 |    15 ||    50
         Skin              |       |     9 |       ||     9
  Dodge: Dodged            |    28 |    61 |    21 ||   110
  Block: Buckler           |     8 |    25 |    13 ||    46

Table legend: (Time is in decaauts)
 A = Elapsed time spent in this place.
 B = Non-inter-level travel time spent in this place.
 C = Inter-level travel time spent in this place.
 D = Time resting spent in this place.
 E = Time spent auto-exploring this place.
 F = Levels seen in this place.
 G = Mean time per level.
                   A        B        C        D        E       F      G
               +--------+--------+--------+--------+--------+-----+--------+
         Total |   3663 |   3468 |    195 |     76 |   2708 |   7 |  523.3 |
       Dungeon |   3663 |   3468 |    195 |     76 |   2708 |   7 |  523.3 |
               +--------+--------+--------+--------+--------+-----+--------+

Top non-repeatable levels by time:
     D:5: 859 daAuts
     D:4: 855 daAuts
     D:2: 731 daAuts
     D:3: 705 daAuts
     D:1: 441 daAuts
     D:6: 68 daAuts
     D:7: 1 daAuts
